 Dungeon Crawl Stone Soup version 0.23-a0-650-ga4d50d4 (webtiles) character file.

4925 George the Fighter (level 10, -6/90 HPs)
             Began as a Ghoul Monk on Jan 3, 2019.
             Was an Elder of Makhleb.
             Mangled by Harold
             ... wielding a +0 flail
              (22 damage)
             ... on level 8 of the Dungeon.
             The game lasted 00:23:35 (6956 turns).

George the Fighter (Ghoul Monk)                     Turns: 6956, Time: 00:23:36

Health: -6/90      AC: 13    Str: 19    XL:     10   Next: 52%
Magic:  13/13      EV: 18    Int:  5    God:    Makhleb [****..]
Gold:   384        SH:  0    Dex: 11    Spells: 9/9 levels left

rFire    + . .     SeeInvis .   M - +2 short sword (elec)
rCold    + . .     Gourm    .   (no shield)
rNeg     + + +     Faith    .   I - +2 ring mail {rC+}
rPois    ∞         Spirit   .   o - +1 helmet
rElec    .         Reflect  .   n - +0 cloak
rCorr    .         Harm     .   (no gloves)
MR       .....                  H - +0 pair of boots
Stlth    +.........             C - amulet of the acrobat
HPRegen  0.00/turn              B - ring of fire
MPRegen  0.13/turn              G - +4 ring of evasion

@: rotting
A: rotting body, claws 1, carnivore, cold resistance 1, negative energy
resistance 3, inhibited regeneration, torment resistance, unbreathing
a: Minor Destruction, Lesser Servant of Makhleb, Major Destruction, Renounce
Religion


You were on level 8 of the Dungeon.
You worshipped Makhleb.
Makhleb was greatly pleased with you.
You were not hungry.

You visited 2 branches of the dungeon, and saw 9 of its levels.
You also visited: Sewer.

You collected 434 gold pieces.
You spent 50 gold pieces at shops.

Inventory:

Hand Weapons
 M - a +2 short sword of electrocution (weapon)
Armour
 n - a +0 cloak (worn)
 o - a +1 helmet (worn)
 H - a +0 pair of boots (worn)
 I - a +2 ring mail of cold resistance (worn)
Jewellery
 v - a +3 amulet of reflection
 B - a ring of fire (left claw)
 C - an amulet of the acrobat (around neck)
 G - a +4 ring of evasion (right claw)
 K - an uncursed ring of protection from cold
Wands
 f - a wand of random effects (13)
 w - a wand of polymorph (8)
 z - a wand of enslavement (8)
 J - a wand of iceblast (9)
Scrolls
 d - 2 scrolls of blinking
 e - 8 scrolls of teleportation
 g - 6 scrolls of amnesia {unknown}
 j - 2 scrolls of immolation {unknown}
 k - 4 scrolls of remove curse {unknown}
 l - 5 scrolls of fear {unknown}
 p - 5 scrolls of enchant weapon {unknown}
 q - 4 scrolls of magic mapping {unknown}
 r - a scroll of torment {unknown}
 s - 5 scrolls of fog
 t - 2 scrolls of random uselessness {unknown}
 y - a scroll of noise {unknown}
 E - a scroll of enchant armour {unknown}
Potions
 a - 2 potions of resistance
 c - 7 potions of flight
 h - 2 potions of agility
 i - a potion of might
 m - 4 potions of haste
 u - 2 potions of magic
 A - a potion of heal wounds
 D - 3 potions of invisibility
 F - a potion of brilliance {unknown}
 L - a potion of curing {unknown}
Comestibles
 b - 15 rations


   Skills:
 + Level 8.6 Fighting
 + Level 5.6 Armour
 + Level 7.2 Dodging
 - Level 2.1 Stealth
 - Level 8.5 Unarmed Combat
 + Level 6.3 Invocations


You had 9 spell levels left.
You didn't know any spells.
Your spell library contained the following spells:

 Spells                   Type           Power        Failure   Level  Hunger
 Shock                    Conj/Air       #...         65%         1    ##.....
 Swiftness                Chrm/Air       #.......     78%         2    ###....
 Static Discharge         Conj/Air       #.......     95%         3    ####...
 Airstrike                Air            #.........   100%        4    #####..
 Lightning Bolt           Conj/Air       #.........   100%        5    ######.


Dungeon Overview and Level Annotations

Branches:
Dungeon (8/15)             Temple (1/1) D:4
   Lair: D:8-11

Altars:
Ashenzari
Cheibriados
Dithmenos
Elyvilon
Fedhas
Gozag
Hepliaklqana
Kikubaaqudgha
Makhleb
Nemelex Xobeh
Okawaru
Qazlal
Ru
Sif Muna
Trog
Uskayaw
Vehumet
Wu Jian
Xom
Yredelemnul
Zin
The Shining One

Shops:
D:6 ([[?

Annotations:
D:8 Harold


Innate Abilities, Weirdness & Mutations

Your body is rotting away.
You thrive on raw meat.
You are immune to poison.
You have sharp fingernails.
You are carnivorous and can eat meat at any time.
Your flesh is cold resistant. (rC+)
You are immune to negative energy. (rN+++)
You do not regenerate when monsters are visible.
You are immune to unholy pain and torment.
You can survive without breathing.


Message History

You eat one of the 3 chunks of flesh.
This raw flesh tastes great!
Your ynoxinul hits Harold!
Harold says, "Listen, it's nothing personal.
It's just a job."
Harold splashes around in the water.
Eat one of 2 chunks of flesh? (ye/n/q)
You eat one of the 2 chunks of flesh.
This raw flesh tastes great!
Your ynoxinul hits Harold!
Eat a chunk of flesh? (ye/n/q)
You eat the chunk of flesh.
This raw flesh tastes great!
Harold hits you with a +0 flail!
* * * LOW HITPOINT WARNING * * *
The orc priest casts a cantrip, but nothing happens.
Your ynoxinul hits Harold. You hit Harold.
Harold is moderately wounded.
Harold barely misses you.
Your ynoxinul hits Harold. You hit Harold. Lightning courses through Harold!
Harold is severely wounded.
Harold hits you with a +0 flail!!
You die...

#.≈..... #....#≈. .≈g...
#....#≈( .o..@# #)...#≈.
.o...+ ......≈# #≈.@.#
......≈# ######### #≈...#
.#....≈###.....(@###≈.%.#
.#...#≈≈≈≈≈≈≈≈≈≈3@goo.#
.#........+.....###g...#
.#...#)####.....# #....#
.###.#))).......# #....#
.....############ #....#
............ #......
############ #....#..
#.....###### #+####..


You could see Harold, an orc priest, a gnoll, an orc, a goblin and a friendly
ynoxinul.

Vanquished Creatures
  Pikel (D:7)
  Grinder (D:4)
  4 yaks (D:7)
  A human (D:7)
  3 hogs (D:7)
  Duvessa (D:7)
  A phantom (D:4)
  2 ice beasts
  4 sky beasts
  An ogre (D:6)
  3 centaurs
  Blork the orc (D:4)
  2 big kobolds (D:7)
  3 bullfrogs
  Dowan (D:7)
  A water moccasin zombie (D:4)
  5 scorpions
  2 killer bees
  4 wights (D:6)
  3 howler monkeys
  4 jellies
  2 crimson imps
  A quasit (D:6)
  2 hounds
  An orc wizard (D:7)
  2 orc priests
  A bullfrog skeleton (D:6)
  A centaur zombie (D:5)
  Natasha (twice) (D:4)
  6 worker ants
  Robin (D:4)
  5 gnolls
  10 adders
  A shadow imp (D:6)
  3 oozes
  An adder zombie (D:6)
  5 worms
  An adder skeleton (D:5)
  4 dart slugs
  3 leopard geckos
  23 orcs
  5 ball pythons
  13 bats
  14 giant cockroaches
  11 hobgoblins
  16 jackals
  4 quokkas
  3 frilled lizards
  16 goblins
  16 kobolds
  9 rats
230 creatures vanquished.

Vanquished Creatures (collateral kills)
  An orc warrior (D:8)
1 creature vanquished.

Vanquished Creatures (others)
  A yak (D:7)
  2 slaves (D:7)
  A bullfrog (D:7)
  2 orcs (D:7)
  A bat (D:3)
7 creatures vanquished.

Grand Total: 238 creatures vanquished

Notes
Turn   | Place    | Note
-------+----------+-------------------------------------------
     0 | D:1      | George the Ghoul Monk began the quest for the Orb.
     0 | D:1      | Reached XP level 1. HP: 19/19 MP: 0/0
   289 | D:1      | Reached XP level 2. HP: 23/23 MP: 1/1
   686 | D:1      | Reached XP level 3. HP: 21/33 MP: 2/2
  1218 | D:2      | Reached XP level 4. HP: 21/40 MP: 3/3
  1744 | D:2      | Reached XP level 5. HP: 40/47 MP: 4/4
  2711 | D:4      | Reached XP level 6. HP: 30/55 MP: 5/5
  2736 | D:4      | Reached skill level 5 in Fighting
  2736 | D:4      | Reached skill level 5 in Unarmed Combat
  2823 | D:4      | Noticed Blork the orc
  2839 | D:4      | Killed Blork the orc
  2857 | D:4      | Reached skill level 1 in Armour
  2893 | D:4      | Noticed Robin
  2900 | D:4      | Killed Robin
  3044 | D:4      | Noticed Grinder
  3055 | D:4      | Paralysed by Grinder for 4 turns
  3063 | D:4      | Killed Grinder
  3063 | D:4      | Reached XP level 7. HP: 49/61 MP: 6/6
  3065 | D:4      | Found a staircase to the Ecumenical Temple.
  3084 | Temple   | Entered the Ecumenical Temple
  3171 | Temple   | Became a worshipper of Makhleb the Destroyer
  3171 | Temple   | Reached * piety under Makhleb
  3171 | Temple   | Reached ** piety under Makhleb
  3315 | D:4      | Got a bloodstained rapier
  3316 | D:4      | Identified the +1 rapier "Emanuyt" {freeze, *Contam rF+
                  | Str+4} (You found it on level 4 of the Dungeon)
  3426 | D:4      | Noticed Natasha
  3433 | D:4      | Killed Natasha
  3433 | D:4      | Reached skill level 1 in Invocations
  3745 | D:4      | Noticed Natasha
  3756 | D:4      | Killed Natasha
  3786 | D:5      | Entered Level 5 of the Dungeon
  3834 | D:5      | Found a runed door.
  3853 | D:5      | Found a runed door.
  4107 | D:5      | Found a glowing drain.
  4116 | Sewer    | Entered a sewer
  4289 | Sewer    | Reached XP level 8. HP: 70/70 MP: 8/8
  4535 | Sewer    | Reached skill level 5 in Dodging
  4771 | D:5      | Reached *** piety under Makhleb
  4913 | D:6      | Found Jegiywar's Antique Armour Emporium.
  5051 | D:6      | Found Vianwi's Magic Scroll Boutique.
  5054 | D:6      | Bought a scroll of teleportation for 30 gold pieces
  5054 | D:6      | Bought a scroll of fog for 20 gold pieces
  5131 | D:6      | Found Avaepefa's Armour Boutique.
  5174 | D:6      | Found Inneamuc's Weapon Shoppe.
  5325 | D:6      | Found Otaesm's Magic Scroll Boutique.
  5330 | D:6      | Reached XP level 9. HP: 78/78 MP: 10/10
  5827 | D:7      | Noticed Duvessa
  5830 | D:7      | Noticed Dowan
  5858 | D:7      | Killed Duvessa
  5878 | D:7      | Killed Dowan
  5968 | D:7      | Reached **** piety under Makhleb
  5988 | D:7      | Noticed Pikel
  6010 | D:7      | Reached skill level 5 in Invocations
  6033 | D:7      | Killed Pikel
  6033 | D:7      | Reached skill level 5 in Armour
  6033 | D:7      | Reached XP level 10. HP: 48/88 MP: 11/13
  6166 | D:7      | Found a sparkling altar of Nemelex Xobeh.
  6510 | D:7      | Found a shattered altar of Ashenzari.
  6923 | D:8      | Noticed Harold
  6956 | D:8      | Mangled by Harold

Vault maps used:
D:1:      erik_arrival_cave_to_civilisation
D:2:      minivault_26, minmay_randomly_rotated_circles
D:3:      lemuel_flame_loot_1
D:4:      minmay_temple_entry_large_hall, uniq_blork_the_orc, uniq_grinder,
          uniq_robin, uniq_natasha
D:5:      lemuel_insect_pit, first_ration, portal_sewer_entry_d
D:6:      serial_shops, shop_statue, shop, shop, nicolae_shop_crystal,
          nicolae_shop_behind_doors
D:7:      evilmike_ruin_ashenzari, grunt_livestock,
          nemelex_xobeh_ov_fountains_minmay, uniq_duvessa, uniq_pikel
D:8:      lightli_bailey_entry_fortress, minmay_shop_mayhem, st_stairs_1,
          sigmund_army, uniq_harold, uniq_joseph
Temple:   dpeg_three_leaves_temple
Sewer:    sewer_fruit_machine

Skill      XL: |  1  2  3  4  5  6  7  8  9 10 |
---------------+-------------------------------+-----
Dodging        | 3 4 5 6 7 |  7.2
Fighting       | 4 5 6 8 |  8.6
Unarmed Combat | 4 5 6 8 |  8.5
Armour         | 1 2 3 5 |  5.6
Invocations    | 1 3 5 6 |  6.3
Stealth        | |  2.1

Action                   |  1- 3 |  4- 6 |  7- 9 | 10-12 || total
-------------------------+-------+-------+-------+-------++-------
Melee: Unarmed           |   110 |   251 |   515 |   132 ||  1008
       Punch             |     2 |     2 |     4 |     7 ||    15
       Short sword       |       |       |       |    44 ||    44
Invok: Lesser Servant of |       |       |       |     1 ||     1
  Use: Scroll            |       |       |     9 |     2 ||    11
       Potion            |       |       |     2 |       ||     2
 Stab: Sleeping          |     2 |     4 |       |       ||     6
       Distracted        |       |     1 |       |       ||     1
  Eat: Chunk             |     8 |    21 |    40 |    19 ||    88
Armor: Robe              |    23 |    49 |       |       ||    72
       Chain mail        |       |    75 |   260 |     1 ||   336
       Ring mail         |       |       |       |    53 ||    53
Dodge: Dodged            |    74 |   143 |   272 |   234 ||   723

Table legend:
 A = Non-vault XP
 B = Vault XP
 C = Vault XP percentage of total XP
 D = Non-vault monster count
 E = Vault monster count
 F = Vault count percentage of total count
                 A         B        C        D         E       F
            +---------+---------+-------+---------+---------+-------
      Total |    4492 |    2544 |  36.2 |     166 |      65 |  28.1
            +---------+---------+-------+---------+---------+-------
        D:1 |      27 |       9 |  25.0 |      15 |       2 |  11.8
        D:2 |      93 |      42 |  31.1 |      28 |       6 |  17.6
        D:3 |      94 |       0 |   0.0 |      20 |       0 |   0.0
        D:4 |     340 |     455 |  57.2 |      16 |      14 |  46.7
        D:5 |     191 |     217 |  53.2 |      10 |      10 |  50.0
        D:6 |    1404 |       0 |   0.0 |      27 |       0 |   0.0
        D:7 |    1733 |    1750 |  50.2 |      37 |       8 |  17.8
        D:8 |     610 |      24 |   3.8 |      13 |       5 |  27.8
      Sewer |       0 |      47 | 100.0 |       0 |      20 | 100.0
            +---------+---------+-------+---------+---------+-------
